 Dungeon Crawl Stone Soup version 0.22-a0-136-g83a10e5898 (webtiles) character file.

167 MrRokkomies the Ducker (level 5, 0/40 HPs)
             Began as a Spriggan Abyssal Knight on Feb 2, 2018.
             Was a Believer of Lugonu.
             Slain by a worker ant (5 damage)
             ... on level 3 of the Dungeon.
             The game lasted 00:12:39 (3502 turns).

MrRokkomies the Ducker (Spriggan Abyssal Knight)    Turns: 3502, Time: 00:12:40

Health: 0/40       AC: 22    Str: 10    XL:     5   Next: 23%
Magic:  8/8        EV:  4    Int: 15    God:    Lugonu [**....]
Gold:   120        SH:  0    Dex: 15    Spells: 4/4 levels left

rFire    . . .     SeeInvis +   a - +2 short sword
rCold    . . .     Gourm    .   (shield restricted)
rNeg     + + +     Faith    +   (armour currently unavailable)
rPois    +         Spirit   .   (helmet currently unavailable)
rElec    .         Reflect  .   (cloak currently unavailable)
rCorr    .         Harm     .   (gloves unavailable)
MR       +....     NoTele   +   (boots unavailable)
Stlth    ++........             h - amulet of faith
HPRegen  0.13/turn              (no ring)
MPRegen  0.11/turn              (no ring)

@: lethally poisoned (0 -> -5), tree-form
A: very small, unfitting armour, see invisible, herbivore, magic resistance 1,
slow metabolism 2, strong 1
a: Depart the Abyss, Bend Space, Renounce Religion


You were on level 3 of the Dungeon.
You worshipped Lugonu.
Lugonu was pleased with you.
You were not hungry.
You were a tree.
You visited 1 branch of the dungeon, and saw 3 of its levels.
You visited the Abyss 1 time.

You collected 120 gold pieces.

Inventory:

Hand Weapons
 a - a +2 short sword (weapon)
 l - a +0 dagger of holy wrath
Missiles
 d - 15 poisoned needles
Armour
 b - a +0 robe (melded)
 i - a +0 cloak (melded)
Jewellery
 h - an amulet of faith (around neck)
Scrolls
 j - 2 scrolls of identify
Potions
 g - a potion of lignification
 k - a potion of brilliance
Miscellaneous
 f - a lamp of fire (inert)
Comestibles
 c - 4 rations


   Skills:
 - Level 2.4 Fighting
 * Level 4.1 Short Blades
 * Level 4.4 Dodging
 + Level 3.2 Stealth
 - Level 1.7 Invocations
 - Level 3.2 Evocations


You had 4 spell levels left.
You didn't know any spells.

Dungeon Overview and Level Annotations

Branches:
Dungeon (3/15)

Altars:


Innate Abilities, Weirdness & Mutations

You are very small and have problems with some larger weapons.
You are too small for most types of armour.
You have supernaturally acute eyesight. (SInv)
You are a herbivore.
((You cover ground extremely quickly.))
You need consume almost no food.
You are resistant to hostile enchantments. (MR+)
Your muscles are strong. (Str +2)


Message History

The worker ant bites you!
* * * LOW HITPOINT WARNING * * *
You are lethally poisoned!
The worker ant poisons you!
You turn into a tree.
Your +0 cloak melds into your body.
Your +0 robe melds into your body.
Your roots penetrate the ground.
You feel sick.
The worker ant bites you but does no damage.
You barely miss the worker ant.
The worker ant is almost dead.
You feel sick. The worker ant closely misses you.
You hit the worker ant but do no damage.
The worker ant is almost dead.
The worker ant bites you.
* * * LOW HITPOINT WARNING * * *
You hit the worker ant.
The worker ant is almost dead.
* * * LOW HITPOINT WARNING * * *
You feel sick. The worker ant bites you.
You die...

#.. ..# # #.#####.# #
.## #.).....### # .l
#.##....>.# # #..
#.##.##.#.###### #..
#....##.#....... #...
#.........######
###...#####.......#.#
.(.....Ka7.##..####.#
(.(....l######## ##.
........# ##
###...##8 #... .. #..
... #!. 8.#. #. #####
##


You could see a worker ant, a leopard gecko and a kobold.

Vanquished Creatures
  A howler monkey (D:2)
  3 gnolls (D:2)
  3 adders
  4 worms (D:2)
  A leopard gecko (D:1)
  7 bats
  2 giant cockroaches (D:2)
  5 goblins
  9 hobgoblins
  4 jackals (D:2)
  2 quokkas (D:2)
  A ball python (D:1)
  2 frilled lizards
  8 kobolds
  8 rats
60 creatures vanquished.

Notes
Turn   | Place    | Note
-------+----------+-------------------------------------------
     0 | Abyss:1  | MrRokkomies the Spriggan Abyssal Knight began the quest for the Orb.
     0 | Abyss:1  | Reached XP level 1. HP: 11/11 MP: 3/3
    35 | Abyss:3  | Found a corrupted altar of Lugonu.
    60 | Abyss:4  | Noticed a hellion
    92 | D:1      | Escaped the Abyss
   202 | D:1      | Reached * piety under Lugonu
   382 | D:1      | Reached skill level 1 in Evocations
   387 | D:1      | Reached skill level 1 in Stealth
   528 | D:1      | Reached XP level 2. HP: 9/16 MP: 4/4
  1345 | D:1      | Gained mutation: Your muscles are strong. (Str +2) [potion of mutation]
  1345 | D:1      | Gained mutation: You are resistant to hostile enchantments. (MR+) [potion of mutation]
  1394 | D:2      | Reached XP level 3. HP: 14/19 MP: 5/5
  1413 | D:2      | Reached ** piety under Lugonu
  2130 | D:2      | Reached XP level 4. HP: 12/23 MP: 7/7
  2946 | D:2      | Reached XP level 5. HP: 15/27 MP: 8/8
  3502 | D:3      | Slain by a worker ant

Vault maps used:
D:1:      dpeg_arrival_tiny_a, serial_forest, infiniplex_forest_straight_3,
          infiniplex_forest_clump_long, infiniplex_forest_3_way,
          infiniplex_forest_zigzag_1, infiniplex_forest_join,
          infiniplex_forest_lined_3, infiniplex_forest_clump_double,
          infiniplex_forest_clump_small, infiniplex_forest_clump_medium,
          minmay_vboxes
D:3:      nicolae_ru_the_path_less_chosen, minitemple, first_ration
Abyss:2:  evilmike_abyss_exit_6, gammafunk_abyss_exit_x_factor, minivault_20
Abyss:3:  evilmike_abyss_exit_16
Abyss:4:  evilmike_abyss_exit_vortex, hangedman_abyss_or_decor_jellyfish_corner

Skill      XL: |  1  2  3  4 |
---------------+-------------+-----
Evocations     | 1 2 3 |  3.2
Stealth        | 1 2 3 |  3.2
Short Blades   | 3 4 |  4.1
Dodging        | 4 |  4.4
Fighting       | |  2.4
Invocations    | |  1.7

Action                   |  1- 3 |  4- 6 || total
-------------------------+-------+-------++-------
Melee: Short sword       |   151 |   111 ||   262
Invok: Depart the Abyss  |     1 |       ||     1
Evoke: Lamp of fire      |       |     1 ||     1
  Use: Scroll            |     5 |     2 ||     7
       Potion            |     1 |     1 ||     2
 Stab: Sleeping          |     2 |     1 ||     3
       Distracted        |       |     2 ||     2
  Eat: Ration            |       |     1 ||     1
Armor: Robe              |    12 |     2 ||    14
       Skin              |       |     1 ||     1
Dodge: Dodged            |   109 |    75 ||   184

Table legend:
 A = Spawn XP
 B = Non-spawn XP
 C = Spawn XP percentage of total XP
 D = Spawn monster count
 E = Non-spawn monster count
 F = Spawn count percentage of total count
 G = Total turns spent on level
                    A         B        C        D         E        F      G
               +---------+---------+-------+---------+---------+-------+---------
         Total |       0 |     239 |   0.0 |       0 |      60 |   0.0 |  3502
               +---------+---------+-------+---------+---------+-------+---------
           D:1 |       0 |      36 |   0.0 |       0 |      24 |   0.0 |  1691
           D:2 |       0 |     190 |   0.0 |       0 |      35 |   0.0 |  1650
           D:3 |       0 |      13 |   0.0 |       0 |       1 |   0.0 |    69
               +---------+---------+-------+---------+---------+-------+---------
